 Dungeon Crawl Stone Soup version 0.31.0-1-g2c135a008e (webtiles) character file.

Game seed: 9883752945927947261

89 qw the Shooter (level 4, -13/35 HPs)
             Began as a Djinni Hunter on Jan 24, 2024.
             Mangled by an ogre
             ... wielding a +0 giant club
              (20 damage)
             ... on level 3 of the Dungeon.
             The game lasted 00:00:06 (1606 turns).

qw the Shooter (Djinni Hunter)                      Turns: 1606, Time: 00:00:06

Health: -13/35     AC:  5    Str: 10    XL:     4   Next: 84%
Gold:   79         EV: 11    Int: 11    God:
                   SH:  0    Dex: 18

rFire   + + .        a - +0 shortbow
rCold   x . .        (shield currently unavailable)
rNeg    . . .        n - +0 ring mail
rPois   inf          (no helmet)
rElec   .            (no cloak)
rCorr   .            (no gloves)
SInv    .            (boots unavailable)
Will    +....        (no amulet)
Stlth   +            f - ring of willpower
HPRegen 0.25/turn    (no ring)
MPRegen 0.00/turn

%: infuse magic (-14 HP)
@: flying
A: sickness immunity, fire resistance 2, cold vulnerability 1, float, innate
caster, HP casting, extra vitality 1
a: no special abilities


You were on level 3 of the Dungeon.
You visited 1 branch of the dungeon, and saw 3 of its levels.

You collected 79 gold pieces.


Innate Abilities, Weirdness & Mutations

You are immune to sickness and miasma.
You are immune to poison.
Your flesh is very heat resistant. (rF++)
You are vulnerable to cold. (rC-)
You float through the air rather than walking.
You learn spells naturally, not from books.
Your magical power is your life essence.
You have superior vitality. (+4 MHP)


   Skills:
 - Level 3.3 Fighting
 + Level 4.0 Ranged Weapons
 - Level 1.3 Armour
 - Level 2.1 Dodging
 - Level 0.7 Stealth


You knew the following spells:

 Your Spells              Type           Power      Damage    Failure   Level
a - Necrotise             Necr           0%         1d4       65%         1
Your spell library was empty.

Inventory:

Hand Weapons
 a - a +0 shortbow (weapon)
Armour
 n - a +0 ring mail (worn)
Jewellery
 f - a ring of willpower (left hand)
Wands
 j - a wand of paralysis (10)
Scrolls
 c - a scroll of torment {unknown}
 g - a scroll of identify
Potions
 b - a potion of lignification {unknown}
 d - a potion of haste
 e - a potion of curing {unknown}
 h - a potion of experience {unknown}
 i - a potion of enlightenment
 k - a potion of might

Dungeon Overview and Level Annotations

Branches:
Dungeon (3/15)

Altars:
Ashenzari

Shops:
D:1 (


Message History

Ijyb hits you with a +0 dagger. Ijyb misses you.
You shoot an arrow. The arrow hits Ijyb!
Ijyb is almost dead.
Ijyb barely misses you.
You shoot an arrow. The arrow hits Ijyb.
You kill Ijyb!
Your Fighting skill increases to level 3!
You start resting.
HP restored.
j - a wand of paralysis (10)
Things that are here:
a +0 dagger; a +0 leather armour; the goblin corpse of Ijyb
k - a potion of might
Found a stone staircase leading down.
An ogre comes into view. It is wielding a +0 giant club.
The ogre shouts!
You shoot an arrow. The arrow completely misses the ogre.
You shoot an arrow. The arrow hits the ogre.
The ogre is lightly wounded.
You shoot an arrow. The arrow barely misses the ogre.
You shoot an arrow. The arrow hits the ogre!
The ogre is moderately wounded.
The ogre completely misses you.
You shoot an arrow. The arrow hits the ogre.
The ogre is heavily wounded.
The ogre closely misses you.
You shoot an arrow. The arrow barely misses the ogre.
You shoot an arrow. The arrow hits the ogre.
The ogre is severely wounded.
The ogre closely misses you.
You shoot an arrow. The arrow hits the ogre.
The ogre is severely wounded.
The ogre hits you with a +0 giant club!!
Ouch! That really hurt!
You shoot an arrow.
The arrow hits the ogre but does no damage.
The ogre is severely wounded.
The ogre hits you with a +0 giant club!!
Ouch! That really hurt!
You die...

#.....
#....$
####....
##
##.......
..#
##.......
#..#
#.......#
##..#
#......O#
.(...
#......@#
.....
##.....##
.....
#.......#
.....
#.......#
.....
#.......#
.....
##.....##
.....
##...##
.....
#.###
..... #.#
###
#......


You could see an ogre.

Vanquished Creatures
  Ijyb (D:3)
  2 adders
  A dart slug (D:2)
  A ribbon worm (D:2)
  An orc (D:3)
  2 endoplasms
  2 giant cockroaches
  7 goblins
  A quokka (D:2)
  7 ball pythons
  5 bats
  5 frilled lizards
  4 kobolds
  4 rats
43 creatures vanquished.

Notes
Turn   | Place    | Note
-------+----------+-------------------------------------------
     0 | D:1      | qw the Djinni Hunter began the quest for the Orb.
     0 | D:1      | Reached XP level 1. HP: 18/18 MP: 0/0
     0 | D:1      | 0 ||| qw: Version: 0.3-a-136-gdd3b4e8
     0 | D:1      | 0 ||| qw: Game counter: 1236
     0 | D:1      | 0 ||| qw: Melee chars always use a shield: true
     0 | D:1      | 0 ||| qw: God list: Okawaru
     0 | D:1      | 0 ||| qw: Allow faded altars: false
     0 | D:1      | 0 ||| qw: Do Orc after clearing Dungeon:15 true
     0 | D:1      | 0 ||| qw: Do second Lair branch before Depths: true
     0 | D:1      | 0 ||| qw: Lair rune preference: random
     0 | D:1      | 0 ||| qw: Goals: Normal
     0 | D:1      | 0 ||| PLANNING D:1-11
   219 | D:1      | Reached XP level 2. HP: 23/23 MP: 0/0
   306 | D:1      | Found Diaseom's Weapon Shoppe.
   435 | D:1      | 435 ||| UPGRADING to +0 ring mail.
   445 | D:1      | 445 ||| DROPPING +0 leather armour.
   446 | D:1      | 446 ||| UPGRADING to ring of willpower.
   447 | D:1      | 447 ||| READING scroll labelled DUQ PICUENITSA.
   448 | D:1      | 448 ||| READING scroll labelled VUDWUMASCHE.
   449 | D:1      | 449 ||| READING scroll labelled WUJUOV MAUTT.
   454 | D:1      | 454 ||| READING scroll labelled ZUKKADEBIO.
   454 | D:1      | 454 ||| IDENTIFYING yellow potion
   455 | D:1      | 455 ||| READING scroll labelled MUODDA ZITUIPP.
   456 | D:1      | 456 ||| DRINKING 2 coppery potions.
   457 | D:1      | 457 ||| DRINKING 2 bubbling green potions.
   458 | D:1      | 458 ||| DRINKING clear potion.
   459 | D:1      | 459 ||| DRINKING black potion.
   468 | D:1      | 468 ||| DROPPING scroll of butterflies.
   469 | D:1      | 469 ||| DROPPING potion of ambrosia.
   643 | D:2      | Reached XP level 3. HP: 23/28 MP: 0/0
   643 | D:2      | Learned a level 1 spell: Necrotise
   674 | D:2      | Reached skill level 4 in Ranged Weapons
   952 | D:2      | Reached skill level 1 in Armour
  1092 | D:2      | 1092 ||| READING scroll labelled KICROE QOXUEM.
  1193 | D:2      | 1193 ||| READING scroll labelled JAUMIL GIBB.
  1431 | D:3      | Reached XP level 4. HP: 34/34 MP: 0/0
  1431 | D:3      | Found a broken altar of Ashenzari.
  1561 | D:3      | Noticed Ijyb
  1563 | D:3      | Paralysed by Ijyb for 2 turns
  1569 | D:3      | Killed Ijyb
  1570 | D:3      | Reached skill level 3 in Fighting
  1597 | D:3      | Noticed an ogre
  1605 | D:3      | HP: 6/35 [ogre/+0 giant club (29)]
  1606 | D:3      | Mangled by an ogre

Levels and vault maps discovered:
D:1:      saegor_arrival_simple_a, layout_basic, serial_shops, shop,
          minmay_heptomino_l4
D:2:      layout_basic
D:3:      layout_rooms, evilmike_ruin_ashenzari,
          shapermc_ecumenical_altar_flowoftime, uniq_ijyb

Skill      XL: |  1  2  3  4 |
---------------+-------------+-----
Ranged Weapons | 4 |  4.0
Armour         | 1 |  1.3
Fighting       | 3 |  3.3
Dodging        | |  2.1
Stealth        | |  0.7

Action                     |  1- 3 |  4- 6 || total
---------------------------+-------+-------++-------
   Fire: Shortbow          |    99 |    33 ||   132
    Use: Scroll            |     7 |       ||     7
         Potion            |     4 |       ||     4
 Armour: Leather armour    |     3 |       ||     3
         Ring mail         |    24 |     6 ||    30
  Dodge: Dodged            |    24 |     6 ||    30

Table legend:
 A = Non-vault XP
 B = Vault XP
 C = Vault XP percentage of total XP
 D = Non-vault monster count
 E = Vault monster count
 F = Vault count percentage of total count
                 A         B        C        D         E       F
            +---------+---------+-------+---------+---------+-------
      Total |      91 |      37 |  28.9 |      41 |       2 |   4.7
            +---------+---------+-------+---------+---------+-------
        D:1 |      17 |       1 |   5.6 |      12 |       1 |   7.7
        D:2 |      43 |       0 |   0.0 |      17 |       0 |   0.0
        D:3 |      31 |      36 |  53.7 |      12 |       1 |   7.7
            +---------+---------+-------+---------+---------+-------
